Description

zvt

Replay - ByuN v Serral: Game 2 - [ESL] Alcyone

Build Order

Get SALT Encoding   

  12  0:00  Drone  
  13  0:11  Overlord  
  13  0:16  Drone  
  14  0:30  Drone x2  
  16  0:47  Hatchery  
  15  0:50  Drone x2  
  18  0:57  Drone  
  18  1:08  Extractor  
  17  1:12  Spawning Pool  
  17  1:15  Drone x2  
  18  1:27  Drone  
  21  1:59  Queen x2  
  21  2:00  Zergling x4  
  27  2:08  Metabolic Boost  
  27  2:12  Overlord  
  28  2:27  Hatchery  
  30  2:43  Queen  
  33  2:48  Overlord  
  36  3:04  Overlord  
  36  3:11  Overlord  
  41  3:28  Queen x2  
  41  3:29  Extractor  
  45  3:39  Baneling Nest  
  45  3:44  Zergling x4  
  49  3:50  Zergling x8  
  53  3:58  Zergling x4  
  70  4:50  Baneling x8  
  74  4:57  Baneling x2  
Spawning Tool Build Advisor. Get it on Overwolf

Go to:

Details

  • Created by: momopeanut
  • Published on: Mar 10, 2024
  • Modified on: Mar 10, 2024
  • Patch: 5.0.11
  • Difficulty: Hard
Show
View Real Time Build Order
Export as new Build Order

Comments (0)

There are no comments. Be the first!

Create an account to comment!